3L
KINGSTON TOWNSHIP KNIGHTS @ SEATTLE ROCKETEERS
09/01/2041
 
TOP OF THE 1ST
Kingston Township Knights batting - Pitching for Seattle Rocketeers : LHP Andy Williams
Pitching: LHP Andy Williams
Batting: RHB Daniel Maldonado 0-0: Ball
1-0: Ball
2-0: Ball
3-0: Called Strike
3-1: Base on Balls
Batting: RHB Amor Campos 0-0: Ball
1-0: Foul Ball, location: 2F
1-1: Foul Ball, location: 2F
1-2: Strikes out swinging
Batting: RHB Daniel McCoy 0-0: Ball
1-0: Ball
Daniel Maldonado steals 2nd base
2-0: Ground out 6-3 (Groundball, 6, EV 92.5 MPH)
Daniel Maldonado to third
Batting: RHB Holden Ford 0-0: Ball
1-0: Swinging Strike
1-1: Called Strike
1-2: Foul Ball, location: 2F
1-2: Ball
2-2: Foul Ball, location: 2F
2-2: Ball
3-2: DOUBLE (Line Drive, 5D, EV 98.1 MPH)
Daniel Maldonado scores
Batting: LHB Ed Mellor 0-0: Ball
1-0: Ball
2-0: Called Strike
2-1: Ball
3-1: Fly out, F9 (Flyball, 9S, EV 95.0 MPH)
Top of the 1st over - 1 run, 1 hit, 0 errors, 1 left on base; Kingston Township 1 - Seattle 0
BOTTOM OF THE 1ST
Seattle Rocketeers batting - Pitching for Kingston Township Knights : RHP Zebulon Vermillion
Pitching: RHP Zebulon Vermillion
Batting: SHB Lodd Felton 0-0: Bunt for hit to 25 - play at first, batter safe!
Batting: LHB Manoo Satyavrat 0-0: Ball
1-0: Ball
2-0: Ball
3-0: Base on Balls
Lodd Felton to second
Batting: RHB Jurgen Flurgenburgen 0-0: Ball
Lodd Felton steals 3rd base
Manoo Satyavrat to second
1-0: Called Strike
1-1: Ball
2-1: Foul Ball, location: 2F
2-2: Strikes out swinging
Batting: RHB Mathew Mayo 0-0: Foul Ball, location: 2F
0-1: Swinging Strike
0-2: Strikes out looking
Batting: RHB Jur Prokop 0-0: Ball
1-0: Fly out, F9 (Flyball, 9S, EV 77.5 MPH)
Bottom of the 1st over - 0 runs, 1 hit, 0 errors, 2 left on base; Kingston Township 1 - Seattle 0
TOP OF THE 2ND
Kingston Township Knights batting - Pitching for Seattle Rocketeers : LHP Andy Williams
Batting: RHB Tom Rowland 0-0: Ball
1-0: Foul Ball, location: 2F
1-1: Ball
2-1: Swinging Strike
2-2: Strikes out swinging
Batting: RHB Jorge Ozezera 0-0: Ball
1-0: Ball
2-0: Fly out, F9 (Flyball, 9, EV 90.6 MPH)
Batting: RHB Dave Broom 0-0: Ball
1-0: Fly out, F9 (Flyball, 9S, EV 88.8 MPH)
Top of the 2nd over - 0 runs, 0 hits, 0 errors, 0 left on base; Kingston Township 1 - Seattle 0
BOTTOM OF THE 2ND
Seattle Rocketeers batting - Pitching for Kingston Township Knights : RHP Zebulon Vermillion
Batting: RHB Alain Grosjean 0-0: Called Strike
0-1: Fly out, F7 (Flyball, 78D, EV 82.5 MPH)
Batting: LHB Carlos Gabriel 0-0: Ball
1-0: Called Strike
1-1: Called Strike
1-2: Ground out 4-3 (Groundball, 4S, EV 82.5 MPH)
Batting: SHB Charles Geudre 0-0: Swinging Strike
0-1: Called Strike
0-2: Foul Ball, location: 2F
0-2: Ball
1-2: Strikes out swinging
Bottom of the 2nd over - 0 runs, 0 hits, 0 errors, 0 left on base; Kingston Township 1 - Seattle 0
TOP OF THE 3RD
Kingston Township Knights batting - Pitching for Seattle Rocketeers : LHP Andy Williams
Batting: RHB Glenn Curtis 0-0: Ball
1-0: Ball
2-0: Called Strike
2-1: Ball
3-1: Base on Balls
Batting: RHB Daniel Maldonado 0-0: Ball
1-0: Ball
2-0: SINGLE (Line Drive, 56, EV 107.5 MPH)
Glenn Curtis to second
Runner from 2nd tries for 3rd, SAFE, no throw by LF
Batting: RHB Amor Campos 0-0: Called Strike
0-1: Foul Ball, location: 2F
0-2: Ball
Daniel Maldonado steals 2nd base (no throw)
1-2: Foul Ball, location: 2F
1-2: Ball
2-2: Ball
3-2: Base on Balls
Batting: RHB Daniel McCoy 0-0: Called Strike
0-1: Ball
1-1: Foul Ball, location: 2F
1-2: Strikes out looking
Batting: RHB Holden Ford 0-0: Ball
1-0: Grounds into double play, 6-4-3 (Groundball, 6, EV 91.2 MPH)
Top of the 3rd over - 0 runs, 1 hit, 0 errors, 2 left on base; Kingston Township 1 - Seattle 0
BOTTOM OF THE 3RD
Seattle Rocketeers batting - Pitching for Kingston Township Knights : RHP Zebulon Vermillion
Batting: RHB Axel Ruschmeyer 0-0: Foul Ball, location: 2F
0-1: Fly out, F7 (Flyball, 7LS, EV 93.8 MPH)
Batting: SHB Lodd Felton 0-0: Foul Ball, location: 2F
0-1: Bunted foul
0-2: Ball
1-2: Strikes out swinging
Batting: LHB Manoo Satyavrat 0-0: Called Strike
0-1: Called Strike
0-2: Ball
1-2: Ball
2-2: Ground out 4-3 (Groundball, 34, EV 78.1 MPH)
Bottom of the 3rd over - 0 runs, 0 hits, 0 errors, 0 left on base; Kingston Township 1 - Seattle 0
TOP OF THE 4TH
Kingston Township Knights batting - Pitching for Seattle Rocketeers : LHP Andy Williams
Batting: LHB Ed Mellor 0-0: Called Strike
0-1: Fly out, F7 (Flyball, 7S, EV 76.2 MPH)
Batting: RHB Tom Rowland 0-0: Called Strike
0-1: Called Strike
0-2: Ball
1-2: Ball
2-2: Foul Ball, location: 2F
2-2: Fly out, F5 (Popup, 56S, EV 75.0 MPH)
Batting: RHB Jorge Ozezera 0-0: Ground out 1-3 (Groundball, 13, EV 88.8 MPH)
Top of the 4th over - 0 runs, 0 hits, 0 errors, 0 left on base; Kingston Township 1 - Seattle 0
BOTTOM OF THE 4TH
Seattle Rocketeers batting - Pitching for Kingston Township Knights : RHP Zebulon Vermillion
Batting: RHB Jurgen Flurgenburgen 0-0: Ball
1-0: DOUBLE (Line Drive, 89D, EV 112.5 MPH)
Batting: RHB Mathew Mayo 0-0: Swinging Strike
0-1: Ball
1-1: Ball
2-1: Ground out 5-3 (Groundball, 56, EV 109.4 MPH)
Batting: RHB Jur Prokop 0-0: Called Strike
Jurgen Flurgenburgen steals 3rd base
0-1: Ball
1-1: Reached on error, E5 (Groundball, 56, EV 100.6 MPH)
Jurgen Flurgenburgen scores
Batting: RHB Alain Grosjean 0-0: Ball
1-0: Called Strike
Jur Prokop steals 2nd base (no throw)
1-1: Foul Ball, location: 2F
1-2: Fly out, F3 (Popup, 34, EV 62.5 MPH)
Batting: LHB Carlos Gabriel 0-0: Called Strike
0-1: Foul Ball, location: 2F
0-2: Ball
1-2: Strikes out looking
Bottom of the 4th over - 1 run, 1 hit, 1 error, 1 left on base; Kingston Township 1 - Seattle 1
TOP OF THE 5TH
Kingston Township Knights batting - Pitching for Seattle Rocketeers : LHP Andy Williams
Batting: RHB Dave Broom 0-0: Ball
1-0: Called Strike
1-1: Foul Ball, location: 2F
1-2: Foul Ball, location: 2F
1-2: Foul Ball, location: 2F
1-2: Ball
2-2: Strikes out looking
Batting: RHB Glenn Curtis 0-0: Ground out 5-3 (Groundball, 5, EV 76.9 MPH)
Batting: RHB Daniel Maldonado 0-0: Ball
1-0: Called Strike
1-1: Called Strike
1-2: Ball
2-2: Foul Ball, location: 2F
2-2: Ball
3-2: Fly out, F7 (Flyball, 7LM, EV 92.5 MPH)
Top of the 5th over - 0 runs, 0 hits, 0 errors, 0 left on base; Kingston Township 1 - Seattle 1
BOTTOM OF THE 5TH
Seattle Rocketeers batting - Pitching for Kingston Township Knights : RHP Zebulon Vermillion
Batting: SHB Charles Geudre 0-0: Foul Ball, location: 2F
0-1: Fly out, F8 (Flyball, 78XD, EV 106.9 MPH)
Batting: RHB Axel Ruschmeyer 0-0: Ground out 4-3 (Groundball, 4M, EV 95.0 MPH)
Batting: SHB Lodd Felton 0-0: Called Strike
0-1: Ball
1-1: Ball
2-1: Ball
3-1: Foul Ball, location: 2F
3-2: Strikes out looking
Bottom of the 5th over - 0 runs, 0 hits, 0 errors, 0 left on base; Kingston Township 1 - Seattle 1
TOP OF THE 6TH
Kingston Township Knights batting - Pitching for Seattle Rocketeers : LHP Andy Williams
Batting: RHB Amor Campos 0-0: Ball
1-0: SOLO HOME RUN (Flyball, 9LD, EV 96.9 MPH), Distance : 347 ft
Batting: RHB Daniel McCoy 0-0: Ball
1-0: Ball
2-0: Fly out, F7 (Flyball, 78S, EV 90.6 MPH)
Batting: RHB Holden Ford 0-0: Ball
1-0: Swinging Strike
1-1: Ball
2-1: Ball
3-1: Fly out, F9 (Flyball, 89S, EV 81.9 MPH)
Batting: LHB Ed Mellor 0-0: Foul Ball, location: 2F
0-1: Foul Ball, location: 2F
0-2: Ground out 1-3 (Groundball, P, EV 89.4 MPH)
Top of the 6th over - 1 run, 1 hit, 0 errors, 0 left on base; Kingston Township 2 - Seattle 1
BOTTOM OF THE 6TH
Seattle Rocketeers batting - Pitching for Kingston Township Knights : RHP Zebulon Vermillion
Batting: LHB Manoo Satyavrat 0-0: Swinging Strike
0-1: Foul Ball, location: 2F
0-2: Ball
1-2: Foul Ball, location: 2F
1-2: Strikes out swinging
Batting: RHB Jurgen Flurgenburgen 0-0: Swinging Strike
0-1: Swinging Strike
0-2: Foul Ball, location: 2F
0-2: SINGLE (Groundball, 4, EV 84.4 MPH) (infield hit)
Batting: RHB Mathew Mayo 0-0: Ball
Jurgen Flurgenburgen is caught stealing 2nd base 2-4
1-0: Swinging Strike
1-1: Ball
2-1: Foul Ball, location: 2F
2-2: Foul Ball, location: 2F
2-2: Foul Ball, location: 2F
2-2: Ground out 6-3 (Groundball, 6, EV 93.1 MPH)
Bottom of the 6th over - 0 runs, 1 hit, 0 errors, 0 left on base; Kingston Township 2 - Seattle 1
TOP OF THE 7TH
Kingston Township Knights batting - Pitching for Seattle Rocketeers : LHP Andy Williams
Batting: RHB Tom Rowland 0-0: Foul Ball, location: 2F
0-1: Ball
1-1: Ball
2-1: Ball
3-1: SOLO HOME RUN (Flyball, 78XD, EV 90.6 MPH), Distance : 367 ft
Pitching: RHP Gregory Powers
Batting: RHB Jorge Ozezera 0-0: Ball
1-0: Ball
2-0: Called Strike
2-1: Called Strike
2-2: Strikes out looking and he ARGUES THE CALL AND IS TOSSED!
Batting: RHB Dave Broom 0-0: Called Strike
0-1: Ball
1-1: Foul Ball, location: 2F
1-2: Ground out 4-3 (Groundball, 34, EV 84.4 MPH)
Batting: RHB Glenn Curtis 0-0: Called Strike
0-1: Ground out 6-3 (Groundball, 56, EV 106.2 MPH)
Top of the 7th over - 1 run, 1 hit, 0 errors, 0 left on base; Kingston Township 3 - Seattle 1
BOTTOM OF THE 7TH
Seattle Rocketeers batting - Pitching for Kingston Township Knights : RHP Zebulon Vermillion
Now at 1B: Takenao Wakabayashi
Batting: RHB Jur Prokop 0-0: Fly out, F8 (Flyball, 8RD, EV 98.1 MPH)
Batting: RHB Alain Grosjean 0-0: Ball
1-0: Ground out 3-1 (Groundball, 34, EV 104.4 MPH)
Batting: LHB Carlos Gabriel 0-0: Called Strike
0-1: Ball
1-1: Foul Ball, location: 2F
1-2: Ball
2-2: Ground out 4-3 (Groundball, 4, EV 77.5 MPH)
Bottom of the 7th over - 0 runs, 0 hits, 0 errors, 0 left on base; Kingston Township 3 - Seattle 1
TOP OF THE 8TH
Kingston Township Knights batting - Pitching for Seattle Rocketeers : RHP Gregory Powers
Batting: RHB Daniel Maldonado 0-0: Called Strike
0-1: Foul Ball, location: 2F
0-2: Ground out 4-3 (Groundball, 4, EV 86.9 MPH)
Batting: RHB Amor Campos 0-0: Ground out 6-3 (Groundball, 6MS, EV 86.2 MPH)
Batting: RHB Daniel McCoy 0-0: Called Strike
0-1: Ball
1-1: DOUBLE (Flyball, 8LXD, EV 99.4 MPH)
Batting: RHB Holden Ford 0-0: Foul Ball, location: 2F
0-1: Ball
1-1: Ball
2-1: Called Strike
2-2: Ball
3-2: Strikes out swinging
Top of the 8th over - 0 runs, 1 hit, 0 errors, 1 left on base; Kingston Township 3 - Seattle 1
BOTTOM OF THE 8TH
Seattle Rocketeers batting - Pitching for Kingston Township Knights : RHP Zebulon Vermillion
Batting: SHB Charles Geudre 0-0: Ball
1-0: Ball
2-0: Called Strike
2-1: Ball
3-1: Fly out, F8 (Flyball, 8LXD, EV 83.8 MPH)
Batting: RHB Axel Ruschmeyer 0-0: Ball
1-0: Foul Ball, location: 2F
1-1: Foul Ball, location: 2F
1-2: Ball
2-2: Strikes out swinging
Batting: SHB Lodd Felton 0-0: Foul Ball, location: 2F
0-1: Ball
1-1: Fly out, F7 (Flyball, 7, EV 88.8 MPH)
Bottom of the 8th over - 0 runs, 0 hits, 0 errors, 0 left on base; Kingston Township 3 - Seattle 1
TOP OF THE 9TH
Kingston Township Knights batting - Pitching for Seattle Rocketeers : RHP Gregory Powers
Batting: LHB Ed Mellor 0-0: Called Strike
0-1: Ball
1-1: Foul Ball, location: 2F
1-2: Foul Ball, location: 2F
1-2: Foul Ball, location: 2F
1-2: DOUBLE (Flyball, 78XD, EV 100.6 MPH)
Pitching: RHP Suhaila Zainuddin
Batting: RHB Tom Rowland 0-0: Foul Ball, location: 2F
0-1: Ball
1-1: Ball
2-1: Foul Ball, location: 2F
2-2: Strikes out swinging
Batting: RHB Takenao Wakabayashi 0-0: Intentional Walk
Batting: RHB Dave Broom 0-0: Ball
1-0: Called Strike
1-1: Called Strike
1-2: Fielders Choice at 2nd, 5-4 (Groundball, 56S, EV 88.8 MPH)
Ed Mellor to third
Batting: RHB Glenn Curtis 0-0: Called Strike
0-1: Ball
1-1: Ball
2-1: Foul Ball, location: 2F
2-2: Ground out 5-3 (Groundball, 56S, EV 63.1 MPH)
Top of the 9th over - 0 runs, 1 hit, 0 errors, 2 left on base; Kingston Township 3 - Seattle 1
BOTTOM OF THE 9TH
Seattle Rocketeers batting - Pitching for Kingston Township Knights : RHP Zebulon Vermillion
Batting: LHB Manoo Satyavrat 0-0: Called Strike
0-1: SINGLE (Flyball, 9LS, EV 87.5 MPH)
Pitching: LHP David Blake
Batting: RHB Jurgen Flurgenburgen 0-0: Ball
1-0: Grounds into double play, 5-4-3 (Groundball, 5, EV 110.6 MPH)
Batting: RHB Mathew Mayo 0-0: Ball
1-0: Called Strike
1-1: Foul Ball, location: 2F
1-2: Strikes out looking
Bottom of the 9th over - 0 runs, 1 hit, 0 errors, 0 left on base; Kingston Township 3 - Seattle 1
Tuesday, January 5th, 2021 - OOTP Baseball 20.8 Build 74